 Dungeon Crawl Stone Soup version 0.32-a0-859-gb0a091d592 (webtiles) character file.

Game seed: 2460528456209838064

4741 Griffin23 the Carver (level 10, -2/90 HPs)
             Began as a Minotaur Fighter on Mar 27, 2024.
             Was a Believer of Trog.
             Slain by draino's ghost (12 damage)
             ... on level 8 of the Dungeon.
             The game lasted 00:11:44 (9837 turns).

Griffin23 the Carver (Minotaur Fighter)             Turns: 9837, Time: 00:11:45

Health: -2/90      AC: 16    Str: 25    XL:     10   Next: 22%
Magic:  9/9        EV: 11    Int:  5    God:    Trog [**....]
Gold:   621        SH:  5    Dex: 10    Spells: 9/9 levels left

rFire   + . .        O - +5 great sword
rCold   + . .        (shield currently unavailable)
rNeg    . . .        L - +0 plate armour
rPois   .            (helmet restricted)
rElec   .            E - scarf {rC+ rF+}
rCorr   .            (no gloves)
SInv    .            x - +1 pair of boots
Will    +++..        g - amulet of reflection Stlth
                     i - ring of willpower
HPRegen 1.35/turn    D - +5 ring of evasion
MPRegen 0.11/turn

%: reflection
@: strong-willed, on berserk cooldown, regenerating, slowed, very slow
A: horns 2, retaliatory headbutt
a: Renounce Religion, Berserk, Trog's Hand


You were on level 8 of the Dungeon.
You worshipped Trog.
Trog was pleased with you.
You visited 2 branches of the dungeon, and saw 9 of its levels.

You collected 621 gold pieces.

Inventory:

Hand Weapons
 a - a +0 long sword
 O - a +5 great sword (weapon)
Missiles
 p - 11 boomerangs (quivered)
 w - a throwing net
Armour
 b - a +0 scale mail
 c - a +0 buckler
 q - a +1 cloak
 r - a +0 chain mail
 s - a +0 pair of boots
 x - a +1 pair of boots (worn)
 E - a scarf of resistance (worn)
 L - a +0 plate armour (worn)
Jewellery
 g - an amulet of reflection (around neck)
 i - a ring of willpower (left hand)
 u - an amulet of regeneration
 D - a +5 ring of evasion (right hand)
 K - a ring of poison resistance
Wands
 l - a wand of acid (7)
 G - a wand of flame (17)
 M - a wand of paralysis (7)
Scrolls
 e - 5 scrolls of teleportation
 h - 2 scrolls of revelation {unknown}
 j - 2 scrolls of immolation {unknown}
 m - a scroll of enchant armour {unknown}
 n - 2 scrolls of vulnerability {unknown}
 o - 2 scrolls of poison
 t - a scroll of enchant weapon {unknown}
 y - 2 scrolls of amnesia {unknown}
 A - a scroll of silence {unknown}
 C - 3 scrolls of identify
 I - a scroll of brand weapon {unknown}
Potions
 d - 3 potions of might
 f - a potion of berserk rage
 k - 3 potions of degeneration
 v - a potion of resistance
 z - a potion of brilliance
 B - a potion of magic {unknown}
 H - a potion of lignification {unknown}
 J - a potion of enlightenment {unknown}
 N - a potion of haste {unknown}


   Skills:
 + Level 8.6 Fighting
 * Level 11.2 Long Blades
 + Level 8.7 Armour
 - Level 8.5 Shields
 + Level 3.3 Evocations


You had 9 spell levels left.
You didn't know any spells.
Your spell library contained the following spells:

 Spells                   Type           Power      Damage    Failure   Level
 Cigotuvi's Dreadful Rot  Necr/Alch/Air  0%         N/A       100%        2
 Cause Fear               Hex            0%         N/A       100%        4
 Dispel Undead            Necr           0%         3d6       100%        4
 Martyr's Knell           Necr/Summ      0%         N/A       100%        4
 Fireball                 Conj/Fire      0%         3d3       100%        5
 Dragon's Call            Summ           0%         N/A       100%        9


Dungeon Overview and Level Annotations

Branches:
Dungeon (8/15)             Temple (1/1) D:4
   Lair: D:8-11

Altars:
Cheibriados
Dithmenos
Elyvilon
Fedhas
Gozag
Hepliaklqana
Kikubaaqudgha
Makhleb
Nemelex Xobeh
Okawaru
Qazlal
Ru
Sif Muna
Trog
Uskayaw
Wu Jian
Xom
Yredelemnul
Zin
The Shining One

Shops:
D:4 [

Annotations:
D:8 draino's ghost, novice DrSh


Innate Abilities, Weirdness & Mutations

You have a pair of horns on your head.
You reflexively headbutt those who attack you in melee.


Message History

You are no longer berserk.
You are exhausted.
You feel yourself slow down.
You closely miss draino's ghost.
Draino's ghost is severely damaged.
Draino's ghost hits you but does no damage.
You are electrocuted!!
Draino's ghost barely misses you.
You miss draino's ghost. Your headbutt misses draino's ghost.
Draino's ghost is severely damaged.
Draino's ghost hits you!
You are electrocuted!
* * * LOW HITPOINT WARNING * * *
Draino's ghost hits you but does no damage.
You are too injured to fight recklessly!
You closely miss draino's ghost.
Draino's ghost is severely damaged.
Draino's ghost barely misses you. You furiously retaliate!
You headbutt draino's ghost.
Draino's ghost says, "What do you have that I didn't have?"
Draino's ghost hits you but does no damage.
You are electrocuted!
* * * LOW HITPOINT WARNING * * *
You feel better. Draino's ghost misses you. You furiously retaliate!
You headbutt draino's ghost. You hit draino's ghost.
You headbutt draino's ghost, but do no damage.
Draino's ghost is severely damaged.
Draino's ghost briefly turns into a spider and back.
Draino's ghost hits you but does no damage.
Draino's ghost says, "You're as good as gold."
Draino's ghost hits you but does no damage.
Your skin crawls.
You feel strong-willed. Draino's ghost hits you!
* * * LOW HITPOINT WARNING * * *
You closely miss draino's ghost. Your headbutt misses draino's ghost.
Draino's ghost is severely damaged.
Draino's ghost hits you.
* * * LOW HITPOINT WARNING * * *
You are electrocuted!
You die...

........'...............#........
..#######.........#####.###.#....
#.###...#.........# #.#........
#...#...#.........#####.#....####
###.#...#.###'###.....#.#<.......
###.......# #.# #####.#.#.......#
+.......>.# #.##########........#
#####...#####.#..#.....##..#.#...
....'...'.......@W~~~≈!#.......##
....#...######...#....$#.#...#...
###.##### #.....#######.....[...
# #.# #.#.#########.#.....##
###.# #.#.#............[[[..
....# #.#.#.........#.##..##
############.#...........#.##....
#............###########.#....###
..................().....####....


You could see draino's ghost.

Vanquished Creatures
  Maurice (D:8)
  Grinder (D:5)
  A shadow (D:8)
  A wyvern (D:8)
  2 steam dragons (D:8)
  2 water moccasins
  3 orc warriors
  3 black bears
  2 sky beasts
  2 ice beasts
  3 centaurs
  4 ogres
  A phantom (D:3)
  A kobold brigand (D:8)
  2 bullfrogs
  A gnoll sergeant (D:4)
  6 wights (D:8)
  5 scorpions
  A howler monkey (D:4)
  7 orc priests
  7 hounds
  A jelly (D:6)
  A sleepcap (D:6)
  3 iguanas
  4 orc wizards
  Natasha (twice) (D:3)
  5 gnolls
  4 adders
  2 shadow imps
  2 ufetubi (D:6)
  5 dart slugs
  2 ribbon worms
  27 orcs
  4 endoplasms (D:4)
  4 giant cockroaches
  8 hobgoblins
  17 kobolds
  3 quokkas
  14 ball pythons
  6 bats
  3 frilled lizards
  6 goblins
  5 rats
184 creatures vanquished.

Notes
Turn   | Place    | Note
-------+----------+-------------------------------------------
     0 | D:1      | Griffin23 the Minotaur Fighter began the quest for the Orb.
     0 | D:1      | Reached XP level 1. HP: 19/19 MP: 0/0
    93 | D:1      | Reached XP level 2. HP: 16/27 MP: 1/1
   169 | D:1      | Reached skill level 3 in Long Blades
   482 | D:1      | Reached XP level 3. HP: 29/33 MP: 2/2
   705 | D:2      | Found a shadowy altar of Dithmenos.
  1479 | D:3      | Noticed Natasha
  1482 | D:3      | Killed Natasha
  1483 | D:3      | Reached XP level 4. HP: 38/40 MP: 3/3
  1500 | D:3      | Noticed a centaur
  1511 | D:3      | Killed a centaur
  1512 | D:3      | Reached skill level 4 in Long Blades
  1512 | D:3      | Reached XP level 5. HP: 22/47 MP: 4/4
  1851 | D:3      | Noticed Natasha
  1858 | D:3      | Killed Natasha
  2055 | D:3      | Noticed a phantom
  2086 | D:3      | Killed a phantom
  2087 | D:3      | Reached skill level 5 in Long Blades
  2087 | D:3      | Reached skill level 5 in Armour
  2087 | D:3      | Reached XP level 6. HP: 51/55 MP: 5/5
  2198 | D:4      | Found Doimoe's Antique Armour Boutique.
  2289 | D:4      | Reached skill level 5 in Fighting
  2336 | D:4      | Reached skill level 5 in Shields
  2365 | D:4      | Found a staircase to the Ecumenical Temple.
  2388 | Temple   | Entered the Ecumenical Temple
  2548 | D:4      | Reached skill level 6 in Long Blades
  2548 | D:4      | Reached XP level 7. HP: 59/61 MP: 6/6
  4741 | D:5      | Entered Level 5 of the Dungeon
  4741 | D:5      | Found a bloodstained altar of Trog.
  4765 | D:5      | Reached skill level 7 in Long Blades
  4778 | D:5      | Became a worshipper of Trog the Wrathful
  4824 | D:5      | Noticed Grinder
  4832 | D:5      | Killed Grinder
  4833 | D:5      | Reached XP level 8. HP: 60/70 MP: 7/7
  5358 | D:5      | Reached skill level 8 in Long Blades
  6738 | D:6      | Reached skill level 9 in Long Blades
  6821 | D:6      | Reached * piety under Trog
  6988 | D:6      | Reached XP level 9. HP: 79/79 MP: 8/8
  7027 | D:6      | Reached skill level 1 in Evocations
  7936 | D:7      | Reached skill level 10 in Long Blades
  8551 | D:7      | Found a sparkling altar of Nemelex Xobeh.
  8776 | D:8      | Reached ** piety under Trog
  8805 | D:8      | Found a runed translucent door.
  8810 | D:8      | Noticed draino's ghost (novice DrSh)
  9073 | D:8      | Reached XP level 10. HP: 89/89 MP: 9/9
  9241 | D:8      | Noticed Maurice
  9256 | D:8      | Killed Maurice
  9257 | D:8      | Reached skill level 11 in Long Blades
  9277 | D:8      | Identified the +11 shortbow "Ciesmorchu" {freeze, Int+2
                  | SInv}
  9837 | D:8      | Slain by draino's ghost

Illustrated notes

Levels and vault maps discovered:
D:1:      mushboom_english_gardens, layout_rooms, interstate_on_off
D:2:      minmay_chambers_of_ones, layout_loops_cross, basic_altar,
          minmay_misc_feat_chi
D:3:      minmay_chambers_of_threes, layout_basic, uniq_natasha
D:4:      layout_rooms, minmay_temple_entry_offerings, serial_shops, shop,
          nzn_random_ring
D:5:      layout_layer_cave, lemuel_round_altar, minivault_23, uniq_grinder
D:6:      layout_cave_pools
D:7:      layout_basic, nemelex_diamond_rough_becter, kennysheep_generic_room_5
D:8:      layout_basic, ebering_ghost_reflecting_pool, uniq_maurice
Temple:   nicolae_temple_no_exploring_needed

Skill      XL: |  1  2  3  4  5  6  7  8  9 10 |
---------------+-------------------------------+-----
Long Blades    | 3 4 5 6 7 9 10 11 | 11.2
Armour         | 4 5 6 7 8 |  8.7
Fighting       | 4 5 6 7 8 |  8.6
Shields        | 4 5 6 7 8 |  8.5
Evocations     | 2 3 |  3.3

Action                     |  1- 3 |  4- 6 |  7- 9 | 10-12 || total
---------------------------+-------+-------+-------+-------++-------
  Melee: Long sword        |    92 |   123 |   427 |    37 ||   679
         Headbutt          |    15 |    14 |    83 |    13 ||   125
         Great sword       |       |       |       |    29 ||    29
  Throw: Boomerang         |     4 |     2 |       |       ||     6
 Invoke: Berserk           |       |       |     2 |     2 ||     4
         Trog's Hand       |       |       |       |     1 ||     1
    Use: Potion            |       |       |     4 |     1 ||     5
         Scroll            |       |       |     5 |       ||     5
 Armour: Scale mail        |    67 |   100 |    73 |       ||   240
         Chain mail        |       |       |   160 |       ||   160
         Plate armour      |       |       |       |    42 ||    42
  Dodge: Dodged            |    26 |    46 |   156 |    30 ||   258
  Block: Buckler           |    52 |    77 |   223 |    22 ||   374
         Reflection        |     1 |    11 |     1 |     1 ||    14
         Other             |       |       |       |     5 ||     5

Table legend: (Time is in decaauts)
 A = Elapsed time spent in this place.
 B = Non-inter-level travel time spent in this place.
 C = Inter-level travel time spent in this place.
 D = Time resting spent in this place.
 E = Time spent auto-exploring this place.
 F = Levels seen in this place.
 G = Mean time per level.
                   A        B        C        D        E       F      G
               +--------+--------+--------+--------+--------+-----+--------+
         Total |   9915 |   9454 |    461 |   2501 |   5474 |   9 | 1101.7 |
       Dungeon |   8196 |   7750 |    446 |    801 |   5474 |   8 | 1024.5 |
        Temple |   1718 |   1703 |     15 |   1700 |      0 |   1 | 1718.0 |
               +--------+--------+--------+--------+--------+-----+--------+

Top non-repeatable levels by time:
  Temple: 1718 daAuts
     D:5: 1516 daAuts
     D:8: 1499 daAuts
     D:4: 1214 daAuts
     D:7: 980 daAuts
     D:2: 912 daAuts
     D:3: 773 daAuts
     D:6: 736 daAuts
     D:1: 561 daAuts
